 Dungeon Crawl Stone Soup version 0.29-a0-284-gf9362112df (webtiles) character file.

Game seed: 12222777189615868257

107 IdlyInterested the Cudgeller (level 4, -1/33 HPs)
             Began as a Demonspawn Gladiator on Mar 28, 2022.
             Slain by Ijyb the steam dragon (7 damage)
             ... on level 3 of the Dungeon.
             The game lasted 00:05:16 (2361 turns).

IdlyInterested the Cudgeller (Demonspawn Gladiator) Turns: 2361, Time: 00:05:17

Health: -1/33      AC: 12    Str: 16 (17) XL:     4   Next: 56%
Magic:  4/4        EV: 10    Int:  7 (9)  God:
Gold:   105        SH:  0    Dex: 11 (14) Spells: 3/3 levels left

rFire   . . .      SeeInvis .   a - +1 flail (freeze)
rCold   . . .      Faith    .   (no shield)
rNeg    . . .      Spirit   .   l - +2 scale mail {rPois}
rPois   +          Reflect  .   c - +0 helmet
rElec   .          Harm     .   w - +1 cloak
rCorr   .          Rampage  .   h - +0 pair of gloves
Will    .....                   (no boots)
Stlth   ..........              (no amulet)
HPRegen 0.11/turn               (no ring)
MPRegen 0.09/turn               (no ring)

@: confused, ambrosia-drunk
A: large bone plates 1, demonic guardian 1
a: no special abilities


You were on level 3 of the Dungeon.
You visited 1 branch of the dungeon, and saw 3 of its levels.

You collected 105 gold pieces.

Inventory:

Hand Weapons
 a - a +1 flail of freezing (weapon)
 b - a +0 mace
Missiles
 d - 3 throwing nets
 e - a javelin
 g - 76 stones (quivered)
 s - 5 boomerangs of dispersal
Armour
 c - a +0 helmet (worn)
 h - a +0 pair of gloves (worn)
 l - a +2 scale mail of poison resistance (worn)
 w - a +1 cloak (worn)
Wands
 p - a wand of polymorph (11)
Scrolls
 i - a scroll of immolation
 k - 3 scrolls of enchant weapon
 q - a scroll of teleportation
Potions
 m - a potion of curing
 n - a potion of brilliance


   Skills:
 - Level 2.0 Fighting
 * Level 3.8 Maces & Flails
 - Level 1.7 Throwing
 * Level 2.4 Armour
 - Level 2.6 Dodging
 * Level 1.2 Evocations


You had 3 spell levels left.
You didn't know any spells.
Your spell library was empty.

Dungeon Overview and Level Annotations

Branches:
Dungeon (3/15)

Altars:
Nemelex Xobeh

Annotations:
D:3 Ijyb


Innate Abilities, Weirdness & Mutations

You are partially covered in large bone plates. (SH +4)
A weak demonic guardian rushes to your aid.


Message History

Ijyb evaporates and reforms as a steam dragon!
Ijyb breathes steam at you. The ball of steam hits you!
You barely miss Ijyb.
You are engulfed in a cloud of scalding steam.
Ijyb misses you. Ijyb closely misses you.
You hit Ijyb. You freeze Ijyb.
Ijyb is lightly wounded.
You are engulfed in a cloud of scalding steam.
Ijyb bites you but does no damage. Ijyb barely misses you.
You closely miss Ijyb.
Ijyb is lightly wounded.
Ijyb bites you but does no damage. Ijyb claws you but does no damage.
You sock Ijyb! You freeze Ijyb.
Ijyb is heavily wounded.
Ijyb barely misses you. You block Ijyb's attack.
You hit Ijyb. You freeze Ijyb.
Ijyb is severely wounded.
Ijyb bites you. You block Ijyb's attack. Ijyb barely misses you.
Ijyb claws you.
A demonic guardian appears!
You hit Ijyb. You freeze Ijyb.
Ijyb is almost dead.
Ijyb breathes steam at you. The ball of steam hits you!
* * * LOW HITPOINT WARNING * * *
Your white imp closely misses Ijyb.
You are confused.
You feel invigorated.
You are engulfed in a cloud of scalding steam.
Ijyb bites you but does no damage. Ijyb closely misses you.
Your white imp misses Ijyb.
You are engulfed in a cloud of scalding steam.
Ijyb bites you.
* * * LOW HITPOINT WARNING * * *
Ijyb claws you.
* * * LOW HITPOINT WARNING * * *
Your white imp barely misses Ijyb.
You are engulfed in a cloud of scalding steam.
Ijyb bites you!
You die...

########
#####......#
..#.......#
#.#..####@#
####.#..#..5D.# #
#.........##..#
#.##.##.#..###....
#.......#........##
####.#########.#.#
#.# #. .. #.# #. ##
#.#


You could see Ijyb the steam dragon (ally target) and a friendly white imp
(summoned).

Vanquished Creatures
  A killer bee (D:2)
  An adder (D:2)
  A dart slug (D:1)
  10 ball pythons
  3 endoplasms
  2 giant cockroaches (D:1)
  6 goblins
  7 hobgoblins
  2 quokkas
  4 bats
  4 frilled lizards
  5 kobolds
  5 rats
51 creatures vanquished.

Notes
Turn   | Place    | Note
-------+----------+-------------------------------------------
     0 | D:1      | IdlyInterested the Demonspawn Gladiator began the quest for
                  | the Orb.
     0 | D:1      | Reached XP level 1. HP: 16/16 MP: 1/1
   174 | D:1      | Reached skill level 3 in Maces & Flails
   185 | D:1      | Reached skill level 1 in Armour
   185 | D:1      | Gained mutation: You are partially covered in large bone
                  | plates. (SH +4) [demonic ancestry]
   185 | D:1      | Reached XP level 2. HP: 19/22 MP: 2/2
   649 | D:1      | Reached XP level 3. HP: 19/27 MP: 3/3
  1409 | D:2      | Found a sparkling altar of Nemelex Xobeh.
  1477 | D:2      | Found a faded altar of an unknown god.
  1886 | D:2      | Found a runed translucent door.
  1887 | D:2      | Noticed Crazy Yiuf
  1891 | D:2      | Noticed Crazy Yiuf
  1891 | D:2      | Crazy Yiuf changed into Crazy Yiuf the killer bee
  1896 | D:2      | Killed Crazy Yiuf the killer bee
  1897 | D:2      | Reached skill level 1 in Evocations
  1897 | D:2      | Gained mutation: A weak demonic guardian rushes to your
                  | aid. [demonic ancestry]
  1897 | D:2      | Reached XP level 4. HP: 22/33 MP: 4/4
  2348 | D:3      | Noticed Ijyb
  2352 | D:3      | Noticed Ijyb
  2352 | D:3      | Ijyb changed into Ijyb the steam dragon
  2358 | D:3      | HP: 1/33 [Ijyb the steam dragon/ball of steam (11)]
  2361 | D:3      | Slain by Ijyb the steam dragon

Illustrated notes

Levels and vault maps discovered:
D:1:      roderic_chinese_lattice_arrival, layout_loops_cross, chequers_jeans,
          minmay_3d_cube
D:2:      layout_loops_ring, basic_ecumenical_altar, minmay_hexomino_r4,
          uniq_crazy_yiuf_cottage
D:3:      layout_loops_cross, hangedman_feature_mirror, minmay_misc_feat_square,
          chequers_mini_garden, minmay_between, uniq_ijyb

Skill      XL: |  1  2  3 |
---------------+----------+-----
Maces & Flails | 3 |  3.8
Armour         | 1 2 |  2.4
Evocations     | 1 |  1.2
Fighting       | |  2.0
Throwing       | |  1.7
Dodging        | |  2.6

Action                   |  1- 3 |  4- 6 || total
-------------------------+-------+-------++-------
Melee: Flail             |   150 |    14 ||   164
       Punch             |     1 |       ||     1
Evoke: Wand              |     1 |     3 ||     4
  Use: Scroll            |     4 |     2 ||     6
       Potion            |     1 |     5 ||     6
 Stab: Sleeping          |     1 |       ||     1
Armor: Leather armour    |    13 |       ||    13
       Scale mail        |    33 |    10 ||    43
Dodge: Dodged            |    88 |    10 ||    98
Block: Other             |    25 |     3 ||    28

Table legend: (Time is in decaauts)
 A = Elapsed time spent in this place.
 B = Non-inter-level travel time spent in this place.
 C = Inter-level travel time spent in this place.
 D = Time resting spent in this place.
 E = Time spent auto-exploring this place.
 F = Levels seen in this place.
 G = Mean time per level.
                   A        B        C        D        E       F      G
               +--------+--------+--------+--------+--------+-----+--------+
         Total |   2382 |   2370 |     12 |    508 |   1351 |   3 |  794.0 |
       Dungeon |   2382 |   2370 |     12 |    508 |   1351 |   3 |  794.0 |
               +--------+--------+--------+--------+--------+-----+--------+

Top non-repeatable levels by time:
     D:1: 1172 daAuts
     D:2: 1144 daAuts
     D:3: 66 daAuts
